 Dungeon Crawl Stone Soup version 0.25.0-37-gb73750e0fb (webtiles) character file.

Game seed: 6412543940309502341

301 Ethylacetat the Poker (level 6, 0/43 HPs)
             Began as an Octopode Gladiator on July 9, 2020.
             Slain by a worker ant (2 damage)
             ... on level 4 of the Dungeon.
             The game lasted 00:06:58 (4543 turns).

Ethylacetat the Poker (Octopode Gladiator)          Turns: 4543, Time: 00:06:59

Health: 0/43       AC:  1    Str: 16    XL:     6   Next: 37%
Magic:  6/6        EV: 14    Int: 10    God:
Gold:   142        SH:  0    Dex: 13    Spells: 5/5 levels left

rFire    . . .     SeeInvis .   r - +2 quarterstaff (chaos)
rCold    . . .     Gourm    .   (shield currently unavailable)
rNeg     . . .     Faith    .   b - +0 hat
rPois    .         Spirit   .   (no amulet)
rElec    .         Reflect  .   (no ring)
rCorr    .         Harm     .   (no ring)
MR       .....                  (no ring)
Stlth    +++.......             (no ring)
HPRegen  0.14/turn              (no ring)
MPRegen  0.10/turn              (no ring)
                                (no ring)
                                (no ring)

@: lethally poisoned (0 -> -3)
A: almost no armour, stealthy swim, amphibious, 8 rings, constrict 8, camouflage
1, gelatinous body 1
a: no special abilities


You were on level 4 of the Dungeon.
You were not hungry.

You visited 1 branch of the dungeon, and saw 4 of its levels.

You collected 142 gold pieces.

Inventory:

Hand Weapons
 a - a +0 trident
 r - a +2 quarterstaff of chaos (weapon)
Missiles
 c - 4 throwing nets (quivered)
Armour
 b - a +0 hat (worn)
Scrolls
 e - 2 scrolls of magic mapping {unknown}
 f - a scroll of enchant armour {unknown}
 h - 2 scrolls of fog {unknown}
 i - a scroll of identify {unknown}
 l - 2 scrolls of teleportation {unknown}
 o - a scroll of immolation {unknown}
Potions
 g - a potion of flight {unknown}
 j - a potion of might {unknown}
 k - a potion of degeneration {unknown}
 m - a potion of curing {unknown}
 n - a potion of ambrosia {unknown}
 p - a potion of heal wounds {unknown}
 s - a potion of magic
Comestibles
 d - 5 rations


   Skills:
 + Level 4.0 Fighting
 * Level 5.9 Polearms
 - Level 2.0 Throwing
 - Level 3.0 Dodging


You had 5 spell levels left.
You didn't know any spells.
Your spell library was empty.

Dungeon Overview and Level Annotations

Branches:
Dungeon (4/15)
 Temple: D:4-7

Altars:

Annotations:
D:4 Ijyb


Innate Abilities, Weirdness & Mutations

You cannot wear most types of armour.
You are very stealthy in the water. (Stealth+)
You are amphibious.
You can wear up to eight rings at the same time.
You can use your tentacles to constrict eight enemies at once.
Your skin changes colour to match your surroundings (Stealth+).
Your rubbery body absorbs attacks. (AC +1, EV +1)


Message History

You hit the iguana but do no damage. You squeeze the iguana.
The iguana is almost dead.
You constrict the iguana, but do no damage.
The iguana closely misses you. The orc barely misses you.
The worker ant bites you. The iguana closely misses you.
You thump the iguana!
You kill the iguana!
Your Fighting skill increases to level 4!
The orc misses you. The worker ant bites you.
You are poisoned.
The worker ant poisons you! The orc misses you.
You hit the ogre.
The ogre seems to grow stronger.
The ogre is lightly wounded.
You feel sick. The worker ant bites you.
The ogre hits you with a +0 giant club!
* * * LOW HITPOINT WARNING * * *
The worker ant closely misses you. The orc closely misses you.
It was a potion of magic.
Magic courses through your body. The worker ant bites you.
You die...

#..........#.##
##.............#
#..≈...≈...≈....
##...............
#................
#.≈...≈...≈...≈..
#................
##.oaO...........
#..@...≈...≈...#
##.............#
##...........#
#..≈...≈...#
##.........
#........ #######


You could see an ogre (strong), a worker ant and an orc.

Vanquished Creatures
  An orc priest (D:3)
  Crazy Yiuf (D:3)
  An iguana (D:4)
  An orc wizard (D:3)
  5 gnolls
  2 adders
  A shadow imp (D:3)
  2 oozes
  3 worms
  2 dart slugs
  11 orcs
  3 ball pythons
  3 giant cockroaches (D:1)
  9 goblins
  9 hobgoblins
  7 jackals
  10 kobolds
  A quokka (D:2)
  5 bats
  9 frilled lizards
  5 rats
91 creatures vanquished.

Notes
Turn   | Place    | Note
-------+----------+-------------------------------------------
     0 | D:1      | Ethylacetat the Octopode Gladiator began the quest for the
                  | Orb.
     0 | D:1      | Reached XP level 1. HP: 14/14 MP: 1/1
   181 | D:1      | Reached XP level 2. HP: 18/19 MP: 2/2
   364 | D:1      | Reached XP level 3. HP: 5/25 MP: 3/3
   703 | D:1      | Reached skill level 4 in Polearms
  1490 | D:2      | Reached XP level 4. HP: 30/30 MP: 4/4
  2305 | D:3      | Reached XP level 5. HP: 20/36 MP: 5/5
  2475 | D:3      | Reached skill level 5 in Polearms
  2535 | D:3      | Found a runed translucent door.
  2536 | D:3      | Noticed Crazy Yiuf
  2545 | D:3      | Killed Crazy Yiuf
  3850 | D:3      | Reached XP level 6. HP: 25/43 MP: 6/6
  4515 | D:4      | Noticed Ijyb
  4542 | D:4      | HP: 2/43 [ogre/+0 giant club (17)]
  4543 | D:4      | Slain by a worker ant

Illustrated notes

Levels and vault maps discovered:
D:1:      shiori_shiawase, layout_basic, minmay_misc_feat_iff
D:2:      layout_loops_ring
D:3:      layout_basic, uniq_crazy_yiuf_cottage
D:4:      layout_layer_cave, grunt_temple_overflow_diamond, first_ration,
          gup_sewer_entry_bowl, kennysheep_doodads, uniq_ijyb

Skill      XL: |  1  2  3  4  5  6 |
---------------+-------------------+-----
Polearms       | 4 5 |  5.9
Fighting       | 3 4 |  4.0
Throwing       | |  2.0
Dodging        | |  3.0

Action                   |  1- 3 |  4- 6 || total
-------------------------+-------+-------++-------
Melee: Trident           |    83 |    65 ||   148
       Constrict         |    14 |    22 ||    36
       Tentacles         |    10 |    21 ||    31
       Quarterstaff      |       |    56 ||    56
Throw: Throwing net      |       |     1 ||     1
  Use: Potion            |       |     1 ||     1
 Stab: Sleeping          |     7 |     7 ||    14
       Held in net/web   |       |     1 ||     1
       Paralysed         |       |     1 ||     1
  Eat: Chunk             |     2 |     9 ||    11
Armor: Skin              |     1 |     2 ||     3
Dodge: Dodged            |    34 |    77 ||   111
